 Dungeon Crawl Stone Soup version 0.27-a0-1137-g3ef0f4ec91 (webtiles) character file.

Game seed: 14802448894142993235

105 Mgcat the Conjurer (level 4, -1/24 HPs)
             Began as a Gargoyle Conjurer on May 6, 2021.
             Slain by Grinder (5 damage)
             ... on level 3 of the Dungeon.
             The game lasted 00:05:55 (2639 turns).

Mgcat the Conjurer (Gargoyle Conjurer)              Turns: 2639, Time: 00:05:55

Health: -1/24      AC:  5    Str: 10    XL:     4   Next: 81%
Magic:  0/8        EV: 11    Int: 26    God:
Gold:   94         SH:  0    Dex:  8    Spells: 6/9 levels left

rFire    . . .     SeeInvis .   b - +1 flail (vorpal)
rCold    . . .     Faith    .   (no shield)
rNeg     + . .     Spirit   .   a - +0 robe
rPois    ∞         Reflect  .   (no helmet)
rElec    +         Harm     .   (no cloak)
rCorr    .         Rampage  .   (no gloves)
Will     +....                  (no boots)
Stlth    ++........             (no amulet)
HPRegen  0.08/turn              f - +6 ring of intelligence
MPRegen  0.11/turn              i - ring of willpower

@: no status effects
A: sickness immunity, AC +3, negative energy resistance 1, electricity
resistance, torment resistance 1, unbreathing 1, petrification resistance
a: no special abilities


You were on level 3 of the Dungeon.
You visited 1 branch of the dungeon, and saw 3 of its levels.

You collected 94 gold pieces.

Inventory:

Hand Weapons
 b - a +1 vorpal flail (weapon)
   (You took it off an orc on level 3 of the Dungeon)
Armour
 a - a +0 robe (worn)
Jewellery
 f - a +6 ring of intelligence (left hand)
   (You found it on level 1 of the Dungeon)
 i - a ring of willpower (right hand)
   (You found it on level 1 of the Dungeon)
Scrolls
 c - a scroll of enchant weapon {unknown}
 g - a scroll of teleportation {unknown}
 h - a scroll of amnesia {unknown}
 j - 3 scrolls of identify {unknown}
 m - a scroll of enchant armour {unknown}
Potions
 d - 2 potions of curing {unknown}
 e - 3 potions of haste {unknown}
 k - a potion of mutation {unknown}
 l - a potion of flight {unknown}


   Skills:
 - Level 1.5 Dodging
 - Level 2.1 Stealth
 + Level 3.0 Spellcasting
 * Level 6.0 Conjurations


You had 6 spell levels left.
You knew the following spells:

 Your Spells              Type           Power      Damage    Failure   Level
a - Magic Dart            Conj           100%       1d8       1%          1
b - Searing Ray           Conj           70%        3d5       1%          2

Your spell library contained the following spells:

 Spells                   Type           Power      Damage    Failure   Level
 Dazzling Flash           Conj/Hex       38%        N/A       9%          3
 Fulminant Prism          Conj/Hex       9%         3d7       26%         4
 Iskenderun's Mystic Bla  Conj/Tloc      19%        2d6       26%         4


Dungeon Overview and Level Annotations

Branches:
Dungeon (3/15)

Altars:

Shops:
D:1 ?

Annotations:
D:3 1 runed translucent door, Grinder; kae's ghost, weakling HOFi


Innate Abilities, Weirdness & Mutations

You are immune to sickness and miasma.
Your stone body is resilient. (AC +3)
You are immune to poison.
You resist negative energy. (rN+)
You are resistant to electric shocks. (rElec)
You are resistant to unholy torment.
You can survive without breathing.
You are immune to petrification.


Message History

You regained 2 mp, and now have 7/8 mp.
Casting: Magic Dart (safe; 1% risk of failure)
Confirm with . or Enter, or press ? or * to list all spells.
Aiming: Magic Dart (safe; 1% risk of failure)
Press: ? - help, Shift-Dir - straight line, f - jackal
Aim: a jackal (wandering, hasn't noticed you, 100% to hit)
The magic dart hits the jackal.
You kill the jackal!
You now have 6/8 mp.
Casting: Magic Dart (safe; 1% risk of failure)
Confirm with . or Enter, or press ? or * to list all spells.
You can't see any susceptible monsters within range! (Use Z to cast anyway.)
Casting: Magic Dart (safe; 1% risk of failure)
Confirm with . or Enter, or press ? or * to list all spells.
You can't see any susceptible monsters within range! (Use Z to cast anyway.)
Casting: Magic Dart (safe; 1% risk of failure)
Confirm with . or Enter, or press ? or * to list all spells.
You can't see any susceptible monsters within range! (Use Z to cast anyway.)
Casting: Magic Dart (safe; 1% risk of failure)
Confirm with . or Enter, or press ? or * to list all spells.
You can't see any susceptible monsters within range! (Use Z to cast anyway.) Key pressed, stopping explore.
Casting: Magic Dart (safe; 1% risk of failure)
Confirm with . or Enter, or press ? or * to list all spells.
You can't see any susceptible monsters within range! (Use Z to cast anyway.) MP restored: 8
Casting: Magic Dart (safe; 1% risk of failure)
Confirm with . or Enter, or press ? or * to list all spells.
You can't see any susceptible monsters within range! (Use Z to cast anyway.)
Casting: Magic Dart (safe; 1% risk of failure)
Confirm with . or Enter, or press ? or * to list all spells.
You can't see any susceptible monsters within range! (Use Z to cast anyway.)
Casting: Magic Dart (safe; 1% risk of failure)
Confirm with . or Enter, or press ? or * to list all spells.
You can't see any susceptible monsters within range! (Use Z to cast anyway.)
Found a stone staircase leading up.
Kae's ghost turns its malevolent gaze towards you.
Grinder comes into view.
Grinder shouts!
Grinder blinks!
Grinder moves out of view.
Unknown command.
Unknown command.
Unknown command.
Unknown command.
Unknown command.
Unknown command.
Unknown command.
Unknown command.
Unknown command.
Unknown command.
Unknown command.
Unknown command.
Unknown command.
Unknown command.
Unknown command.
Unknown command.
Kae's ghost wails.
Spoiler Alert: Grinder can cast Paralyse!
Grinder blinks!
Casting: Magic Dart (safe; 1% risk of failure)
Confirm with . or Enter, or press ? or * to list all spells.
Aiming: Searing Ray (safe; 1% risk of failure)
Press: ? - help, Shift-Dir - straight line, f - Grinder
Aim: Grinder (78% to hit)
The searing ray hits Grinder!
Grinder is moderately wounded. (Press . to maintain the ray.)
You now have 6/8 mp.
Spoiler Alert: Grinder can cast Paralyse!
The searing ray hits Grinder!
Grinder is moderately wounded.
You now have 5/8 mp.
The searing ray misses Grinder.
Grinder hits you.
You writhe in agony.
You take 6 damage, and have 18/24 hp.
MASSIVE DAMAGE!!
You now have 4/8 mp.
The searing ray hits Grinder!
Grinder is severely wounded.
You finish channeling your searing ray.
Grinder hits you.
You take 6 damage, and have 12/24 hp.
MASSIVE DAMAGE!!
You now have 3/8 mp.
Spoiler Alert: Grinder can cast Paralyse!
Casting: Searing Ray (safe; 1% risk of failure)
Confirm with . or Enter, or press ? or * to list all spells.
Aiming: Searing Ray (safe; 1% risk of failure)
Press: ? - help, Shift-Dir - straight line, f/p - Grinder
Aim: Grinder (severely wounded, 78% to hit)
The searing ray hits Grinder.
Grinder is severely wounded. (Press . to maintain the ray.) Grinder hits you!
* * * LOW HITPOINT WARNING * * *
You writhe in agony.
* * * LOW HITPOINT WARNING * * *
You take 8 damage, and have 4/24 hp.
MASSIVE DAMAGE!!
You now have 1/8 mp.
Spoiler Alert: Grinder can cast Paralyse!
The searing ray misses Grinder.
Grinder gestures at you.
You easily resist.
You now have 0/8 mp.
Without enough magic to sustain it, your searing ray dissipates.
Grinder hits you.
You die...

##### ####### ....#
#.....########## ....#
#..............# ....#
#..............# ....#
#..............# ....#
###..............# ....#
#................# ....#
#.#..............# ....#
#@#..............# ....#
#5#............... ....#
#.#####..........#
....############.## #.###.......
...........)......####.# #.#.....
......................>###.######
..............###+####...........
.###.########.##W$.# #.###.######
.# #.########.##.8.# #.# #.......


You could see Grinder and kae's ghost.

Vanquished Creatures
  An orc wizard (D:3)
  2 adders (D:2)
  A dart slug (D:1)
  7 orcs (D:3)
  3 bats (D:1)
  4 endoplasms
  3 giant cockroaches (D:1)
  3 hobgoblins
  4 jackals (D:3)
  2 quokkas (D:2)
  4 ball pythons
  4 frilled lizards
  4 goblins
  3 kobolds
  6 rats
51 creatures vanquished.

Vanquished Creatures (others)
  2 withered plants (D:3)
2 creatures vanquished.

Grand Total: 53 creatures vanquished

Notes
Turn   | Place    | Note
-------+----------+-------------------------------------------
     0 | D:1      | Mgcat the Gargoyle Conjurer began the quest for the Orb.
     0 | D:1      | Reached XP level 1. HP: 10/10 MP: 3/3
    18 | D:1      | You fall into a shaft and drop 1 floor!
   304 | D:1      | Reached XP level 2. HP: 15/15 MP: 0/5
   667 | D:1      | Found Tice's Magic Scroll Shop.
   970 | D:1      | Reached skill level 5 in Conjurations
  1109 | D:2      | Reached XP level 3. HP: 10/19 MP: 0/6
  1249 | D:1      | Learned a level 2 spell: Searing Ray
  1963 | D:3      | Reached XP level 4. HP: 24/24 MP: 3/8
  2444 | D:3      | Reached skill level 6 in Conjurations
  2502 | D:3      | Found a runed translucent door.
  2504 | D:3      | Noticed kae's ghost (weakling HOFi)
  2523 | D:3      | Reached skill level 3 in Spellcasting
  2625 | D:3      | Noticed Grinder
  2637 | D:3      | HP: 6/24 [Grinder (7)]
  2639 | D:3      | Slain by Grinder

Illustrated notes

Levels and vault maps discovered:
D:1:      saegor_arrival_simple_a, layout_loops_corners, serial_shops,
          nicolae_shop_crystal, minmay_misc_feat_alley
D:2:      layout_basic, minmay_statues_item, hangedman_decor_points
D:3:      layout_basic, gammafunk_ghost_grave, basic_ecumenical_altar,
          uniq_ijyb, uniq_grinder

Skill      XL: |  1  2  3  4 |
---------------+-------------+-----
Conjurations   | 5 6 |  6.0
Spellcasting   | 3 |  3.0
Dodging        | |  1.5
Stealth        | |  2.1

Action                   |  1- 3 |  4- 6 || total
-------------------------+-------+-------++-------
Melee: Mace              |     4 |       ||     4
       Dagger            |     1 |     5 ||     6
       Flail             |       |     1 ||     1
 Cast: Magic Dart        |    62 |    41 ||   103
       Searing Ray       |     1 |     2 ||     3
Armor: Robe              |     3 |     1 ||     4
Dodge: Dodged            |    10 |     6 ||    16

Table legend: (Time is in decaauts)
 A = Elapsed time spent in this place.
 B = Non-inter-level travel time spent in this place.
 C = Inter-level travel time spent in this place.
 D = Time resting spent in this place.
 E = Time spent auto-exploring this place.
 F = Levels seen in this place.
 G = Mean time per level.
                   A        B        C        D        E       F      G
               +--------+--------+--------+--------+--------+-----+--------+
         Total |   2640 |   2590 |     50 |    509 |   1772 |   3 |  880.0 |
       Dungeon |   2640 |   2590 |     50 |    509 |   1772 |   3 |  880.0 |
               +--------+--------+--------+--------+--------+-----+--------+

Top non-repeatable levels by time:
     D:1: 1224 daAuts
     D:3: 821 daAuts
     D:2: 595 daAuts

Table legend:
 A = Kills in this place as a percentage of kills in entire the game.
 B = Kills by you in this place as a percentage of kills by you in the entire game.
 C = Kills by friends in this place as a percentage of kills by friends in the entire game.
 D = Other kills in this place as a percentage of other kills in the entire game.
 E = Experience gained in this place as a percentage of experience gained in the entire game.
 F = Experience gained in this place divided by the number of levels of this place that you have seen.
                   A       B       C       D       E      F
               +-------+-------+-------+-------+-------+----------------------
         Total | 100.0 | 100.0 |   N/A |   N/A | 100.0 |  50.0
       Dungeon | 100.0 | 100.0 |   N/A |   N/A | 100.0 |  50.0
               +-------+-------+-------+-------+-------+----------------------
